 Dungeon Crawl Stone Soup version 0.31-a0-188-g5e087ee2ca (webtiles) character file.

Game seed: 1865677916257957374

254 qw the Skirmisher (level 5, -2/29 HPs)
             Began as a Deep Elf Hunter on June 23, 2023.
             Slain by a lemure (7 damage)
             ... led by Pikel
             ... on level 4 of the Dungeon.
             The game lasted 00:00:52 (2451 turns).

qw the Skirmisher (Deep Elf Hunter)                 Turns: 2451, Time: 00:00:53

Health: -2/29      AC:  7    Str: 10    XL:     5   Next: 90%
Magic:  7/7        EV: 11    Int: 14    God:
Gold:   109        SH:  0    Dex: 18    Spells: 4/4 levels left

rFire   . . .        Y - +0 shortbow (drain)
rCold   . . .        (shield currently unavailable)
rNeg    + . .        b - +1 ring mail
rPois   .            (no helmet)
rElec   .            (no cloak)
rCorr   .            c - +0 pair of gloves
SInv    .            (no boots)
Will    .....        (no amulet)
Stlth   +            j - ring of positive energy
HPRegen 0.24/turn    (no ring)
MPRegen 0.10/turn

%: no passive effects
@: no status effects
A: no striking features
a: no special abilities


You were on level 4 of the Dungeon.
You visited 1 branch of the dungeon, and saw 4 of its levels.

You collected 179 gold pieces.
You spent 70 gold pieces at shops.


   Skills:
 + Level 1.5 Fighting
 - Level 9.5 Ranged Weapons
 - Level 2.4 Dodging
 - Level 1.2 Stealth


You had 4 spell levels left.
You didn't know any spells.
Your spell library was empty.

Inventory:

Hand Weapons
 Y - a +0 shortbow of draining (weapon)
Armour
 b - a +1 ring mail (worn)
 c - a +0 pair of gloves (worn)
Jewellery
 j - a ring of positive energy (left hand)
Scrolls
 a - a scroll of identify
Potions
 d - a potion of enlightenment
 f - a potion of degeneration {unknown}
 g - a potion of curing {unknown}
 h - a potion of berserk rage {unknown}
 k - a potion of invisibility {unknown}

Dungeon Overview and Level Annotations

Branches:
Dungeon (4/15)
 Temple: D:4-7

Altars:
Yredelemnul

Shops:
D:3 *(

Annotations:
D:4 Pikel, Sigmund


Message History

Pikel misses you.
Sigmund the Dreaded comes into view.
He is wielding a +0 scythe.
You shoot an arrow. The arrow misses Pikel.
Sigmund shouts!
The arrow hits the lemure.
The lemure is lightly wounded.
Pikel hits you with a +2 whip of flaming.
Pikel burns you.
You shoot an arrow. The arrow hits Pikel.
You drain Pikel.
Pikel is lightly wounded.
Pikel misses you.
You shoot an arrow.
The arrow hits the lemure but does no damage.
The lemure is heavily wounded.
The lemure hits you. Pikel misses you.
You shoot an arrow. The arrow barely misses the lemure.
The arrow hits the lemure!
The lemure is heavily wounded.
The lemure hits you but does no damage.
A kobold comes into view. It is wielding a +0 dagger.
Pikel hits you but does no damage.
Pikel hits you with a +2 whip of flaming.
Pikel burns you. The lemure closely misses you.
You shoot an arrow. The kobold shouts!
The arrow hits the lemure.
The lemure is severely wounded.
The lemure completely misses you. Sigmund barely misses you. Pikel misses you.
You shoot an arrow.
The arrow hits the lemure but does no damage.
The lemure is severely wounded.
A ball python comes into view.
The lemure hits you but does no damage. Pikel barely misses you.
The ball python moves out of view.
You shoot an arrow.
The arrow hits the lemure but does no damage.
The lemure is severely wounded.
Sigmund hits you from afar with a +0 scythe!
The lemure hits you!
You die...

..... #.... #
...[ .. ...
#..##[K #....@5
#....5K###
#...55@.#
#..####.#
#>....#.#######.
#...<....)..
###.######## #.#
..# ####


You could see Pikel (drained), 4 lemures, Sigmund and a kobold.

Vanquished Creatures
  Edmund (D:3)
  2 orc wizards (D:3)
  2 adders (D:2)
  A worm (D:3)
  2 dart slugs (D:1)
  3 orcs (D:3)
  8 endoplasms
  2 giant cockroaches (D:3)
  5 goblins
  4 hobgoblins
  4 jackals
  2 quokkas
  6 ball pythons
  7 bats
  4 frilled lizards
  6 kobolds
  6 rats
65 creatures vanquished.

Notes
Turn   | Place    | Note
-------+----------+-------------------------------------------
     0 | D:1      | qw the Deep Elf Hunter began the quest for the Orb.
     0 | D:1      | Reached XP level 1. HP: 12/12 MP: 3/3
     0 | D:1      | 0 ||| qw: Version: 0.3-a-9-g12657ce
     0 | D:1      | 0 ||| qw: Game counter: 3302
     0 | D:1      | 0 ||| qw: Always use a shield: true
     0 | D:1      | 0 ||| qw: God list: Okawaru
     0 | D:1      | 0 ||| qw: Allow faded altars: false
     0 | D:1      | 0 ||| qw: Do Orc after D:15 true
     0 | D:1      | 0 ||| qw: Do second Lair branch before Depths: true
     0 | D:1      | 0 ||| qw: Lair rune preference: random
     0 | D:1      | 0 ||| qw: Plans: Normal
     0 | D:1      | 0 ||| PLANNING D:1-11
   141 | D:1      | Reached skill level 6 in Ranged Weapons
   141 | D:1      | Reached XP level 2. HP: 16/16 MP: 4/4
   541 | D:1      | 541 ||| READING scroll labelled EJOXAS YRIKIQ.
   542 | D:1      | 542 ||| READING 2 scrolls labelled DAPHESHUMA.
   543 | D:1      | 543 ||| DROPPING scroll of butterflies.
   573 | D:2      | Found a basalt altar of Yredelemnul.
   600 | D:2      | Reached XP level 3. HP: 20/20 MP: 5/5
   992 | D:2      | Reached skill level 7 in Ranged Weapons
  1471 | D:2      | 1471 ||| UPGRADING to +0 ring mail.
  1481 | D:2      | 1481 ||| DROPPING +0 leather armour.
  1482 | D:2      | 1482 ||| READING scroll of enchant armour.
  1482 | D:2      | 1482 ||| ENCHANTING +0 ring mail.
  1483 | D:2      | 1483 ||| DROPPING ring of wizardry.
  1484 | D:2      | 1484 ||| UPGRADING to ring of positive energy.
  1485 | D:2      | 1485 ||| READING scroll labelled ESCHIO KIPREO.
  1488 | D:2      | 1488 ||| READING scroll labelled ZETAISCHU IGRIG.
  1644 | D:3      | Found Veel's General Store.
  1689 | D:3      | 1689 ||| BUYING potion of enlightenment (70 gold).
  1689 | D:3      | Bought a potion of enlightenment for 70 gold pieces
  1732 | D:3      | Reached XP level 4. HP: 25/25 MP: 6/6
  1754 | D:3      | Found Eshras's Antique Weapon Boutique.
  2094 | D:3      | 2094 ||| Stepping ~*~*~tactically~*~*~ (outnumbered).
  2105 | D:3      | Reached skill level 8 in Ranged Weapons
  2203 | D:3      | Reached XP level 5. HP: 29/29 MP: 7/7
  2378 | D:3      | 2378 ||| UPGRADING to +0 pair of gloves.
  2383 | D:3      | 2383 ||| READING scroll labelled SUH UPNOIMOILA.
  2394 | D:4      | Noticed Edmund
  2402 | D:4      | 2402 ||| STAIRDANCE
  2416 | D:3      | Killed Edmund
  2417 | D:3      | Reached skill level 9 in Ranged Weapons
  2438 | D:4      | Noticed Pikel
  2438 | D:4      | Noticed a lemure
  2439 | D:4      | Noticed a lemure
  2439 | D:4      | Noticed a lemure
  2441 | D:4      | Noticed a lemure
  2444 | D:4      | Noticed Sigmund
  2451 | D:4      | HP: 5/29 [Sigmund/+0 scythe (8)]
  2451 | D:4      | Slain by a lemure

Levels and vault maps discovered:
D:1:      lightli_arrival_statuegarden, layout_basic
D:2:      layout_loops_ring, basic_altar, minivault_19,
          chequers_serial_rivers_large_a, hangedman_feature_mirror,
          hangedman_decor_riveting, minmay_tree_intersection, minmay_ruptured
D:3:      layout_basic, serial_shops, nicolae_shop_hallway_stairs,
          nicolae_shop_getting_attention, amcnicky_mini_rare_corridor_liquid
D:4:      layout_loops_cross, ebering_ghost_sewer_f, uniq_pikel, uniq_edmund,
          uniq_sigmund, uniq_eustachio

Skill      XL: |  1  2  3  4  5 |
---------------+----------------+-----
Ranged Weapons | 6 7 8 9 |  9.5
Fighting       | |  1.5
Dodging        | |  2.4
Stealth        | |  1.2

Action                     |  1- 3 |  4- 6 || total
---------------------------+-------+-------++-------
   Fire: Shortbow          |   105 |    80 ||   185
    Use: Scroll            |     5 |     1 ||     6
 Armour: Leather armour    |     3 |       ||     3
         Ring mail         |       |    13 ||    13
  Dodge: Dodged            |    20 |    20 ||    40

Table legend:
 A = Non-vault XP
 B = Vault XP
 C = Vault XP percentage of total XP
 D = Non-vault monster count
 E = Vault monster count
 F = Vault count percentage of total count
                 A         B        C        D         E       F
            +---------+---------+-------+---------+---------+-------
      Total |     182 |     181 |  49.9 |      59 |       6 |   9.2
            +---------+---------+-------+---------+---------+-------
        D:1 |      35 |       0 |   0.0 |      20 |       0 |   0.0
        D:2 |      31 |      19 |  38.0 |      14 |       5 |  26.3
        D:3 |     114 |     162 |  58.7 |      24 |       1 |   4.0
        D:4 |       2 |       0 |   0.0 |       1 |       0 |   0.0
            +---------+---------+-------+---------+---------+-------
